 Seeded DCSS version 0.28-a0-1235-g7c8fac35f0 (webtiles) character file.

Game seed: 11023650935340118060 (custom seed)

35 croobank the Skirmisher (level 3, -1/33 HPs)
             Began as a Hill Orc Monk on Dec 24, 2021.
             Succumbed to an adder's poison
             ... on level 1 of the Dungeon.
             The game lasted 00:03:23 (1104 turns).

croobank the Skirmisher (Hill Orc Monk)             Turns: 1104, Time: 00:03:24

Health: -1/33      AC:  2    Str: 15    XL:     3   Next: 33%
Magic:  3/3        EV: 12    Int: 10    God:
Gold:   37         SH:  0    Dex: 13    Spells: 2/2 levels left

rFire   . . .      SeeInvis .   a - +0 falchion
rCold   . . .      Faith    .   (no shield)
rNeg    . . .      Spirit   .   b - +0 robe
rPois   .          Reflect  .   (no helmet)
rElec   .          Harm     .   (no cloak)
rCorr   .          Rampage  .   (no gloves)
Will    .....                   (no boots)
Stlth   ++........              (no amulet)
HPRegen 0.11/turn               (no ring)
MPRegen 0.08/turn               (no ring)

@: lethally poisoned (-1 -> -8)
A: no striking features
a: no special abilities


You were on level 1 of the Dungeon.
You visited 1 branch of the dungeon, and saw 2 of its levels.

You collected 37 gold pieces.

Inventory:

Hand Weapons
 a - a +0 falchion (weapon)
Missiles
 c - 67 stones (quivered)
 f - 14 sling bullets
Armour
 b - a +0 robe (worn)
Scrolls
 e - a scroll of vulnerability {vulnerability, unknown}


   Skills:
 + Level 4.0 Fighting
 + Level 3.7 Long Blades
 + Level 2.7 Dodging
 + Level 2.1 Stealth


You had 2 spell levels left.
You didn't know any spells.
Your spell library was empty.

Dungeon Overview and Level Annotations

Branches:
Dungeon (2/15)

Altars:


Message History

The adder is almost dead.
You feel sick. The adder closely misses you.
The adder bites you but does no damage.
You miss the adder.
The adder is almost dead.
You feel sick. The adder barely misses you.
You completely miss the adder.
The adder is almost dead.
You feel sick. The adder bites you.
* * * LOW HITPOINT WARNING * * *
The adder closely misses you.
You aren't carrying any potions.
You feel sick.
You feel sick.
You are no longer poisoned.
There is a stone staircase leading up here.
The adder bites you.
* * * LOW HITPOINT WARNING * * *
You climb upwards.
There is a stone staircase leading down here.
You barely miss the adder.
The adder is almost dead.
The adder closely misses you. The adder bites you but does no damage.
You hit the adder.
The adder is almost dead.
The adder closely misses you.
You closely miss the adder.
The adder is almost dead.
The adder misses you.
You closely miss the adder.
The adder is almost dead.
The adder closely misses you. The adder bites you.
* * * LOW HITPOINT WARNING * * *
You are lethally poisoned!
The adder poisons you!
Blink to where?
Press: ? - help, Dir - move target
As you read the scroll labelled BAKKER UTONAE {blink}, it crumbles to dust.
It was a scroll of blinking {blink}.
You die...

####### #....>#
#.###.# #. ..# #.#
#.### # ### #.###.#
#...##.#####.########
#.....#
#.@......§S..).....
###.####
####.###.....######
.......# # ##...##
.##.##.# ##.##
.##.##.# #.# .##.##.#
#.# .##..#.# #+#
..#.#..# .##.##.#


There were no monsters in sight!

Vanquished Creatures
  A dart slug (D:1)
  4 endoplasms (D:1)
  4 giant cockroaches (D:1)
  A goblin (D:1)
  3 hobgoblins
  7 jackals (D:1)
  A quokka (D:1)
  2 bats (D:1)
  3 rats (D:1)
26 creatures vanquished.

Notes
Turn   | Place    | Note
-------+----------+-------------------------------------------
     0 | D:1      | croobank the Hill Orc Monk began the quest for the Orb.
     0 | D:1      | Reached XP level 1. HP: 19/19 MP: 1/1
   370 | D:1      | Reached XP level 2. HP: 27/27 MP: 2/2
   751 | D:1      | Reached skill level 4 in Fighting
   859 | D:1      | Reached XP level 3. HP: 33/33 MP: 3/3
  1103 | D:1      | HP: 1/33 [adder (5)]
  1104 | D:1      | Succumbed to an adder's poison

Illustrated notes

Levels and vault maps discovered:
D:1:      mainiacjoe_arrival_reflecting_pool, layout_loops_corners,
          minmay_split_cup_large
D:2:      layout_basic, basic_ecumenical_altar, minmay_tetromino_s4,
          uniq_jessica, uniq_natasha

Skill      XL: |  1  2 |
---------------+-------+-----
Stealth        | 2 |  2.1
Fighting       | 4 |  4.0
Long Blades    | |  3.7
Dodging        | |  2.7

Action                   || total
-------------------------++-------
Melee: Falchion          ||    83
  Use: Scroll            ||     1
 Stab: Sleeping          ||     4
Armor: Robe              ||    18
Dodge: Dodged            ||    53

Table legend: (Time is in decaauts)
 A = Elapsed time spent in this place.
 B = Non-inter-level travel time spent in this place.
 C = Inter-level travel time spent in this place.
 D = Time resting spent in this place.
 E = Time spent auto-exploring this place.
 F = Levels seen in this place.
 G = Mean time per level.
                   A        B        C        D        E       F      G
               +--------+--------+--------+--------+--------+-----+--------+
         Total |   1114 |   1114 |      0 |    377 |    471 |   2 |  557.0 |
       Dungeon |   1114 |   1114 |      0 |    377 |    471 |   2 |  557.0 |
               +--------+--------+--------+--------+--------+-----+--------+

Top non-repeatable levels by time:
     D:1: 1087 daAuts
     D:2: 27 daAuts
